 Dungeon Crawl Stone Soup version 0.14-a0-1739-g6c2808e (webtiles) character file.

100 Mitsuki the Magician (level 3, -2/21 HPs)
             Began as a High Elf Wizard on Jan 3, 2014.
             Slain by a jackal (3 damage)
             ... on Level 2 of the Dungeon.
             The game lasted 00:13:27 (1879 turns).

Mitsuki the Magician (High Elf Wizard)              Turns: 1879, Time: 00:13:27

HP  -2/21        AC  2     Str  7      XL: 3   Next: 76%
MP   6/11        EV 12     Int 22      God:
Gold 42          SH  8     Dex 13      Spells:  4 memorised,  2 levels left

rFire  . . .     SeeInvis .     (no weapon)
rCold  . . .     Clarity  .     a - +0 elf robe
rNeg   . . .     Conserve .     p - +1 buckler
rPois  .         rCorr    .     b - +0 elf wizard hat
rElec  .         rRot     .     (no cloak)
SustAb . .       Spirit   .     (no gloves)
rMut   .         Warding  .     (no boots)
Saprov . . .     RndTele  +     (no amulet)
                                (no ring)
                                (no ring)

@: very slightly contaminated, slightly resistant to hostile enchantments,
fairly stealthy
A: antennae 1, carnivore 1, teleportitis 1
a: no special abilities


You were on level 2 of the Dungeon.
You were not hungry.

You visited 1 branch of the dungeon, and saw 2 of its levels.

You collected 42 gold pieces.

Inventory:

Armour
 a - a +0 elven robe (worn)
 b - a +0 elven wizard hat (worn)
 p - a +1 buckler (worn)
Comestibles
 d - 2 bread rations
 j - a choko
Scrolls
 e - a scroll of magic mapping {unknown}
 f - a scroll of teleportation
 g - a scroll of enchant weapon I
 m - 2 scrolls of identify
Potions
 k - a potion of curing
Books
 c - a book of Minor Magic

   Spells                             Type                      Level
   *Magic Dart                        Conjuration                  1
   *Blink                             Translocation                2
   Call Imp                           Summoning                    2
   *Repel Missiles                    Charms/Air                   2
   Slow                               Hexes                        2
   Conjure Flame                      Conjuration/Fire             3
   *Mephitic Cloud                    Conjuration/Poison/Air       3


   Skills:
 + Level 2.8 Dodging
 + Level 2.4 Stealth
 * Level 0.6 Shields
 + Level 4.4 Spellcasting
 + Level 1.9 Conjurations
   Level 0.8 Summonings
 + Level 1.1 Translocations
 - Level 0.1 Poison Magic


You had 2 spell levels left.
You knew the following spells:

 Your Spells              Type           Power        Failure   Level  Hunger
a - Magic Dart            Conj           ##..         6%          1    None
b - Blink                 Tloc           N/A          12%         2    None
c - Repel Missiles        Chrm/Air       #.........   17%         2    None
d - Mephitic Cloud        Conj/Pois/Air  #.......     28%         3    ###....


Dungeon Overview and Level Annotations

Branches:
Dungeon (2/16)

Altars:
Elyvilon
Okawaru
Vehumet


Innate Abilities, Weirdness & Mutations

You have a pair of small antennae on your head.
Your digestive system is specialised to digest meat.
Space occasionally distorts in your vicinity.


Message History

The jackal completely misses you. The jackal misses you.
The jackal completely misses you.
The jackal bites you but does no damage.
The jackal barely misses you. The jackal closely misses you.
You block the jackal's attack.
A hobgoblin comes into view. It is wielding a glowing elven dagger.
The jackal bites you but does no damage.
There is an open door here.
The hobgoblin shouts!
The hobgoblin hits you with a glowing elven dagger.
Space bends around you. The jackal closely misses you.
The hobgoblin hits you with an elven dagger of distortion.
Space bends around you.
The hobgoblin hits you but does no damage.
Space bends around you.
* * * LOW HITPOINT WARNING * * *
The jackal bites you.
You die...

###### #.....# ###########
#.....# #.........# #.>...#
#...).....# #.....#
###.........############ #.....#
#.'.....g...'o.g........
#.....###.#..<.@h.g.############
#.........#.........#
#.....######'######## ###.###
#..# #..# ##.# # ##'#### .# ...
#.....# .# ._.? ######## #.....#
.. ..... ##....... #.....# ..
g......#..######


You could see an orc, a jackal, 2 hobgoblins and a goblin.

Vanquished Creatures
  2 adders (D:2)
  A giant gecko (D:1)
  9 bats
  6 goblins
  4 hobgoblins
  5 jackals (D:2)
  4 kobolds
  2 quokkas (D:2)
  3 giant newts
  4 rats
40 creatures vanquished.

Notes
Turn   | Place    | Note
--------------------------------------------------------------
     0 | D:1      | Mitsuki, the High Elf Wizard, began the quest for the Orb.
     0 | D:1      | Reached XP level 1. HP: 11/11 MP: 5/5
   162 | D:1      | Reached skill level 4 in Spellcasting
   206 | D:1      | Reached XP level 2. HP: 17/17 MP: 2/8
   619 | D:1      | Learned a level 2 spell: Blink
   622 | D:1      | Learned a level 2 spell: Repel Missiles
   801 | D:1      | Gained mutation: Your digestive system is specialised to digest meat. [potion of mutation]
   801 | D:1      | Gained mutation: You have a pair of small antennae on your head. [potion of mutation]
   801 | D:1      | Gained mutation: Space occasionally distorts in your vicinity. [potion of mutation]
  1098 | D:2      | Reached XP level 3. HP: 21/21 MP: 9/11
  1103 | D:2      | Learned a level 3 spell: Mephitic Cloud
  1148 | D:2      | Found a radiant altar of Vehumet.
  1817 | D:2      | Found a white marble altar of Elyvilon.
  1826 | D:2      | Found an iron altar of Okawaru.
  1878 | D:2      | HP: 1/21 [hobgoblin/elven dagger of distortion (7)]
  1879 | D:2      | Slain by a jackal

Action                   || total
-------------------------++-------
Melee: Unarmed           ||    22
 Cast: Magic Dart        ||    89
       Mephitic Cloud    ||     2
       Blink             ||     1
       Repel Missiles    ||     1
  Use: Scroll            ||    11
       Potion            ||     1
